 Dungeon Crawl Stone Soup version 0.23.0 (webtiles) character file.

Game seed: 7191906515405479820

60 Mgcat the Ducker (level 3, -2/22 HPs)
             Began as a Deep Elf Monk on Feb 11, 2019.
             Slain by an ogre
             ... wielding a +0 giant club
              (21 damage)
             ... on level 5 of the Dungeon.
             The game lasted 00:03:14 (1524 turns).

Mgcat the Ducker (Deep Elf Monk)                    Turns: 1524, Time: 00:03:15

Health: -2/22      AC:  3    Str: 16    XL:     3   Next: 82%
Magic:  5/5        EV: 14    Int: 14    God:
Gold:   104        SH:  0    Dex: 17    Spells: 2/2 levels left

rFire    . . .     SeeInvis .   a - +0 falchion
rCold    . . .     Gourm    .   (no shield)
rNeg     . . .     Faith    .   b - +0 robe
rPois    .         Spirit   .   (no helmet)
rElec    .         Reflect  .   k - +0 cloak
rCorr    .         Harm     .   (no gloves)
MR       .....                  (no boots)
Stlth    ++........             (no amulet)
HPRegen  0.07/turn              (no ring)
MPRegen  0.09/turn              (no ring)

@: mighty
A: deterioration 1, strong 1
a: no special abilities


You were on level 5 of the Dungeon.
You were not hungry.

You visited 1 branch of the dungeon, and saw 4 of its levels.

You collected 104 gold pieces.

Inventory:

Hand Weapons
 a - a +0 falchion (weapon)
 m - a +1 shortbow of velocity
   (You found it on level 5 of the Dungeon)
Armour
 b - a +0 robe (worn)
 k - a +0 cloak (worn)
   (You found it on level 1 of the Dungeon)
Scrolls
 d - 4 scrolls of remove curse {unknown}
 e - 3 scrolls of identify {unknown}
 f - 3 scrolls of teleportation {unknown}
 j - a scroll of noise {unknown}
Comestibles
 c - 2 rations


   Skills:
 + Level 2.7 Fighting
 + Level 3.1 Long Blades
 + Level 1.0 Armour
 + Level 4.1 Dodging
 + Level 3.2 Stealth


You had 2 spell levels left.
You didn't know any spells.
Your spell library was empty.

Dungeon Overview and Level Annotations

Branches:
Dungeon (5/15)
 Temple: D:4-7

Altars:


Innate Abilities, Weirdness & Mutations

Your body sometimes deteriorates upon taking damage.
Your muscles are strong. (Str +2)


Message History

You swing at nothing.
You swing at nothing.
The crimson imp blinks! x2
You swing at nothing.
You swing at nothing.
You start resting.
The crimson imp is too close now for your liking.
A crimson imp is nearby!
A crimson imp is nearby!
The crimson imp barely misses you.
You barely miss the crimson imp. The crimson imp misses you.
You hit the crimson imp but do no damage.
The crimson imp hits you but does no damage.
You hit the crimson imp but do no damage.
The crimson imp hits you.
The crimson imp shouts, "Turn tail, thou tottering pigeon-egg malt-worm!"
The crimson imp hits you.
You take 3 damage, and have 8/18 hp.
You hit the crimson imp.
The crimson imp is lightly wounded.
The crimson imp closely misses you.
You riposte.
You hit the crimson imp.
The crimson imp is moderately wounded.
You closely miss the crimson imp.
The crimson imp is moderately wounded.
The crimson imp barely misses you.
You closely miss the crimson imp.
The crimson imp is lightly wounded.
The crimson imp misses you.
It was a potion of heal wounds.
You feel much better. The crimson imp misses you.
You riposte.
You closely miss the crimson imp.
Health restored: 18 You barely miss the crimson imp.
The crimson imp hits you.
You take 1 damage, and have 17/18 hp.
You closely miss the crimson imp.
The crimson imp blinks!
You barely miss the crimson imp. The crimson imp barely misses you.
You hit the crimson imp.
The crimson imp is lightly wounded.
The crimson imp closely misses you. The crimson imp misses you.
You riposte.
You closely miss the crimson imp. You barely miss the crimson imp.
The crimson imp hits you.
You take 2 damage, and have 15/18 hp.
You barely miss the crimson imp. The crimson imp hits you.
You take 4 damage, and have 11/18 hp.
MASSIVE DAMAGE!!
You closely miss the crimson imp. The crimson imp misses you.
You riposte.
You hit the crimson imp but do no damage.
You barely miss the crimson imp.
The crimson imp hits you but does no damage.
It was a potion of mutation.
You feel extremely strange.
You feel yourself wasting away.
You feel stronger. The crimson imp barely misses you.
You feel much better.
The crimson imp blinks!
Health restored: 18 It was a potion of might.
You feel very mighty all of a sudden. The crimson imp closely misses you.
You riposte.
You hit the crimson imp.
The crimson imp is moderately wounded.
You closely miss the crimson imp.
The crimson imp is moderately wounded.
The crimson imp barely misses you.
You closely miss the crimson imp.
The crimson imp is lightly wounded.
The crimson imp shouts, "Escape, thou venomed wibble-sucking beggar!"
The crimson imp barely misses you.
You riposte.
You closely miss the crimson imp.
The crimson imp is lightly wounded.
The crimson imp hits you.
You take 3 damage, and have 15/18 hp.
You closely miss the crimson imp. The crimson imp misses you.
You riposte.
You slash the crimson imp!
The crimson imp is almost dead.
You barely miss the crimson imp.
The crimson imp is almost dead.
The crimson imp closely misses you.
You riposte.
You slash the crimson imp!
You kill the crimson imp!
Your Long Blades skill increases to level 3!
Your Armour skill increases to level 1!
Your Dodging skill increases to level 4!
Your Stealth skill increases to level 3!
You have reached level 3!
Your experience leads to an increase in your attributes!
Your base attributes are Str 8, Int 14, Dex 17.
Increase (S)trength, (I)ntelligence, or (D)exterity?
You feel stronger.
You regained 4 hp, and now have 19/22 hp.
MP restored: 5 An ogre comes into view. It is wielding a +0 giant club.
The ogre shouts!
Spoiler Alert: The ogre can hit for high damage in melee!
All of the chunks of flesh in your inventory have rotted away.
You aren't carrying any items that you can evoke.
You aren't carrying any potions.
Unknown command.
You slash the ogre!
The ogre is heavily wounded.
The ogre barely misses you.
Spoiler Alert: The ogre can hit for high damage in melee!
You slash the ogre!
The ogre is severely wounded.
The ogre hits you with a +0 giant club!!
Ouch! That really hurt!
You die...

... #. ....#
.......###... ....##
............ #....#
........... ##....#
..........###...# #.
#........<#....# ...
.............#
..##..####O####..#...#
..#....!...@......#.##
......#.........#####
................##
#...............#
......$.......###
..#.....##..##
#.....##### #!.#..#
#..#....#


You could see an ogre.

Vanquished Creatures
  A crimson imp (D:5)
  A dart slug (D:1)
  5 bats
  4 giant cockroaches
  5 kobolds (D:1)
  A frilled lizard (D:1)
  A goblin (D:2)
  6 rats
24 creatures vanquished.

Notes
Turn   | Place    | Note
-------+----------+-------------------------------------------
     0 | D:1      | Mgcat the Deep Elf Monk began the quest for the Orb.
     0 | D:1      | Reached XP level 1. HP: 13/13 MP: 3/3
   240 | D:1      | Reached XP level 2. HP: 7/18 MP: 4/4
  1348 | D:2      | You fall through a shaft for 2 floors!
  1349 | D:4      | Noticed a scorpion
  1354 | D:5      | Entered Level 5 of the Dungeon
  1414 | D:5      | Noticed a crimson imp
  1507 | D:5      | Gained mutation: Your body sometimes deteriorates upon
                  | taking damage. [potion of mutation]
  1507 | D:5      | Gained mutation: Your muscles are strong. (Str +2) [potion
                  | of mutation]
  1514 | D:5      | Killed a crimson imp
  1514 | D:5      | Reached skill level 3 in Long Blades
  1514 | D:5      | Reached skill level 1 in Armour
  1514 | D:5      | Reached skill level 4 in Dodging
  1514 | D:5      | Reached skill level 3 in Stealth
  1514 | D:5      | Reached XP level 3. HP: 19/22 MP: 5/5
  1517 | D:5      | Noticed an ogre
  1524 | D:5      | Slain by an ogre

Skill      XL: |  1  2 |
---------------+-------+-----
Long Blades    | 3 |  3.1
Armour         | 1 |  1.0
Dodging        | 4 |  4.1
Stealth        | 3 |  3.2
Fighting       | |  2.7

Action                   || total
-------------------------++-------
Melee: Falchion          ||   127
  Use: Potion            ||     4
 Stab: Sleeping          ||     4
  Eat: Chunk             ||     2
Armor: Robe              ||    31
Dodge: Dodged            ||   111
       Rpst.: Falchion   ||    34

Levels and vault maps discovered:
D:1:      dpeg_arrival_oval, layout_basic, serial_bayou, serial_bayou_crossing,
          serial_bayou_lagoon_a, serial_bayou_pond_e, serial_bayou_shore_a,
          serial_bayou_pond_b, serial_bayou_pond_c,
          chequers_serial_rivers_room_a, hangedman_abyss_or_decor_lesser_grid
D:2:      layout_loops_ring, serial_glass, glass_columns_a, glass_columns_a,
          glass_columns_b, glass_columns_a, glass_columns_b, glass_columns_b
D:4:      layout_rooms, minmay_temple_entry_junction, first_ration,
          minmay_misc_feat_chi, grunt_tough_drop
D:5:      layout_cave_pools, makhleb_blood_cavern_becter,
          chequers_serial_rivers_marsh, minmay_misc_feat_room

Table legend:
 A = Turns spent in this place as a percentage of turns spent in the entire game.
 B = Non-inter-level travel turns spent in this place as a percentage of non-inter-level travel turns spent in the entire game.
 C = Inter-level travel turns spent in this place as a percentage of turns spent in this place.
 D = Turns resting spent in this place as a percentage of non-inter-level travel turns spent in this place.
 E = Turns spent auto-exploring this place as a percentage of non-inter-level travel turns spent in this place.
 F = Non-inter-level travel turns spent in this place divided by the number of levels of this place that you've seen.
                   A       B       C       D       E      F
               +-------+-------+-------+-------+-------+----------------------
         Total | 100.0 | 100.0 |   0.9 |   4.0 |  75.9 | 377.8
       Dungeon | 100.0 | 100.0 |   0.9 |   4.0 |  75.9 | 377.8
               +-------+-------+-------+-------+-------+----------------------

Table legend:
 A = Kills in this place as a percentage of kills in entire the game.
 B = Kills by you in this place as a percentage of kills by you in the entire game.
 C = Kills by friends in this place as a percentage of kills by friends in the entire game.
 D = Other kills in this place as a percentage of other kills in the entire game.
 E = Experience gained in this place as a percentage of experience gained in the entire game.
 F = Experience gained in this place divided by the number of levels of this place that you have seen.
                   A       B       C       D       E      F
               +-------+-------+-------+-------+-------+----------------------
         Total | 100.0 | 100.0 |   N/A |   N/A | 100.0 |  21.8
       Dungeon | 100.0 | 100.0 |   N/A |   N/A | 100.0 |  21.8
               +-------+-------+-------+-------+-------+----------------------
